 Dungeon Crawl Stone Soup version 0.27.0-1-g7a089689b8 (webtiles) character file.

Game seed: 14145643405840329708

96 horus123 the Conjurer (level 4, -2/24 HPs)
             Began as a Deep Elf Conjurer on Aug 5, 2021.
             Killed by divine providence
             ... invoked by an orc priest
              (12 damage)
             ... on level 3 of the Dungeon.
             The game lasted 00:05:18 (2356 turns).

horus123 the Conjurer (Deep Elf Conjurer)           Turns: 2356, Time: 00:05:19

Health: -2/24      AC:  4    Str:  4    XL:     4   Next: 41%
Magic:  0/11       EV: 12    Int: 24    God:
Gold:   140        SH:  0    Dex: 13    Spells: 4/10 levels left

rFire    . . .     SeeInvis .   d - staff of cold
rCold    + . .     Faith    .   (no shield)
rNeg     . . .     Spirit   .   a - +0 robe
rPois    .         Reflect  .   (no helmet)
rElec    .         Harm     .   c - +1 cloak
rCorr    .         Rampage  .   (no gloves)
Will     .....                  (no boots)
Stlth    ++........             (no amulet)
HPRegen  0.08/turn              (no ring)
MPRegen  0.12/turn              (no ring)

@: no status effects
A: no striking features
a: no special abilities


You were on level 3 of the Dungeon.
You visited 1 branch of the dungeon, and saw 3 of its levels.

You collected 140 gold pieces.

Inventory:

Armour
 a - a +0 robe (worn)
 c - a +1 cloak (worn)
Magical Staves
 d - a staff of cold (weapon)
Scrolls
 b - a scroll of blinking {unknown}
 e - a scroll of teleportation {unknown}
 f - a scroll of enchant weapon {unknown}
 g - a scroll of fear {unknown}
 h - a scroll of summoning {unknown}
 i - a scroll of acquirement {unknown}


   Skills:
 + Level 2.5 Dodging
 + Level 2.7 Stealth
 + Level 3.9 Spellcasting
 + Level 6.0 Conjurations


You had 4 spell levels left.
You knew the following spells:

 Your Spells              Type           Power      Damage    Failure   Level
a - Magic Dart            Conj           100%       1d8       1%          1
b - Searing Ray           Conj           66%        3d5       1%          2
c - Dazzling Flash        Conj/Hex       38%        N/A       9%          3

Your spell library contained the following spells:

 Spells                   Type           Power      Damage    Failure   Level
 Fulminant Prism          Conj/Hex       9%         3d7       28%         4
 Iskenderun's Mystic Bla  Conj/Tloc      19%        2d6       28%         4
 Gell's Gravitas          Tloc           2%         N/A       30%         3
 Lesser Beckoning         Tloc           2%         N/A       30%         3
 Teleport Other           Tloc           4%         N/A       30%         3


Dungeon Overview and Level Annotations

Branches:
Dungeon (3/15)

Altars:


Message History

You kill the adder!
The searing ray hits the orc!
You kill the orc!
The goblin barely misses you.
Your Conjurations skill increases to level 6!
The searing ray hits the orc.
The orc is heavily wounded.
The goblin is no longer blind.
The goblin barely misses you.
The searing ray hits the orc!
You kill the orc!
You finish channeling your searing ray.
The goblin hits you with a +0 dagger. The goblin barely misses you.
You see here an adder corpse.
Casting: Searing Ray (safe; 1% risk of failure)
Confirm with . or Enter, or press ? or * to list all spells.
The spell is quite dangerous to cast (9% risk of failure)!
Continue anyway?
The goblin is dazzled.
The goblin hits you but does no damage.
The goblin is no longer blind.
You closely miss the goblin. The goblin barely misses you.
The orc priest looks braver for a moment.
You barely miss the goblin.
The goblin hits you but does no damage. x2
You hit the goblin.
The goblin is moderately wounded.
The orc priest mumbles some strange prayers to Beogh against you.
Beogh smites you!
Ouch! That really hurt!
The goblin hits you with a +0 dagger.
Casting: Dazzling Flash (quite dangerous; 9% risk of failure)
Confirm with . or Enter, or press ? or * to list all spells.
Aiming: Searing Ray (safe; 1% risk of failure)
Press: ? - help, Shift-Dir - straight line, f - goblin
Aim: a goblin, wielding a +0 dagger (moderately wounded, 76% to hit)
The searing ray hits the goblin!
You kill the goblin!
The searing ray misses the orc priest. (Press . to maintain the ray.)
The orc priest invokes the aid of Beogh against you.
Beogh smites you!
Ouch! That really hurt!
You die...

####.............#.#.#
.........####......# .
.........# #.##.....
..#......# #.# ...##
........†####.##.....
.##........##......##
#............# ..#
#............##.#
#........#.o.)@.#
............###.##
##.########.......#
#.. ##.......# #
#.#####........#
##.......########
#.....†### ......#.#
#..##..).


You could see an orc priest.

Vanquished Creatures
  A gnoll (D:2)
  Robin (D:2)
  An adder (D:3)
  A worm (D:3)
  A dart slug (D:1)
  3 orcs (D:3)
  2 ball pythons (D:1)
  4 endoplasms
  5 giant cockroaches
  10 goblins
  6 hobgoblins
  5 jackals (D:2)
  3 quokkas
  3 bats
  A frilled lizard (D:1)
  3 kobolds (D:1)
  5 rats
55 creatures vanquished.

Notes
Turn   | Place    | Note
-------+----------+-------------------------------------------
     0 | D:1      | horus123 the Deep Elf Conjurer began the quest for the Orb.
     0 | D:1      | Reached XP level 1. HP: 10/10 MP: 6/6
   180 | D:1      | Found a faded altar of an unknown god.
   182 | D:1      | Reached XP level 2. HP: 15/15 MP: 6/8
   269 | D:1      | Learned a level 2 spell: Searing Ray
   409 | D:1      | Reached skill level 5 in Conjurations
  1097 | D:2      | Reached XP level 3. HP: 19/19 MP: 7/9
  1101 | D:2      | Learned a level 3 spell: Dazzling Flash
  1621 | D:2      | Noticed Robin
  1626 | D:2      | Killed Robin
  1630 | D:2      | Reached XP level 4. HP: 24/24 MP: 1/11
  2340 | D:3      | Reached skill level 6 in Conjurations
  2356 | D:3      | Killed from afar by an orc priest

Illustrated notes

Levels and vault maps discovered:
D:1:      nzn_arrival_water_spiral, layout_loops_ring,
          chequers_ecumenical_altar_simple
D:2:      layout_loops_ring, minmay_pentomino_t4, uniq_robin
D:3:      layout_rooms, hangedman_decor_opposing, kennysheep_jessica_study,
          uniq_sigmund, uniq_terence

Skill      XL: |  1  2  3  4 |
---------------+-------------+-----
Conjurations   | 5 6 |  6.0
Dodging        | |  2.5
Stealth        | |  2.7
Spellcasting   | |  3.9

Action                   |  1- 3 |  4- 6 || total
-------------------------+-------+-------++-------
Melee: Staff             |     1 |     3 ||     4
 Cast: Magic Dart        |    62 |    16 ||    78
       Searing Ray       |     4 |     2 ||     6
       Dazzling Flash    |       |     3 ||     3
Armor: Robe              |     4 |     4 ||     8
Dodge: Dodged            |     6 |     5 ||    11
